 Dungeon Crawl Stone Soup version 0.27-a0-148-g9515ab555c (webtiles) character file.

Game seed: 1234494025371459217

14 knot the Chopper (level 2, 36/36 HPs)
             Began as a Demonspawn Berserker on Jan 27, 2021.
             Was a Follower of Trog.
             Quit the game on level 1 of the Dungeon.
             The game lasted 00:00:31 (346 turns).

knot the Chopper (Demonspawn Berserker)              Turns: 346, Time: 00:00:32

Health: 36/36      AC:  6    Str: 17    XL:     2   Next: 27%
Magic:  2/2        EV: 11    Int:  8    God:    Trog [*.....]
Gold:   28         SH:  0    Dex: 14    Spells: 1/1 levels left

rFire    . . .     SeeInvis .   a - +0 hand axe
rCold    . . .     Faith    .   (no shield)
rNeg     . . .     Spirit   .   j - +0 ring mail
rPois    .         Reflect  .   f - +0 helmet
rElec    .         Harm     .   (no cloak)
rCorr    .         Rampage  .   (no gloves)
Will     .....                  (no boots)
Stlth    ..........             (no amulet)
HPRegen  0.12/turn              (no ring)
MPRegen  0.08/turn              (no ring)

@: berserking, very quick
A: thin skeletal structure 1
a: Renounce Religion, Berserk


You were on level 1 of the Dungeon.
You worshipped Trog.
Trog was aware of your devotion.
You visited 1 branch of the dungeon, and saw 1 of its levels.

You collected 28 gold pieces.

Inventory:

Hand Weapons
 a - a +0 hand axe (weapon)
Missiles
 d - 18 stones
 g - 18 poisoned darts
Armour
 f - a +0 helmet (worn)
 j - a +0 ring mail (worn)
Scrolls
 c - a scroll of fear {unknown}
 i - a scroll of remove curse {unknown}
Potions
 e - 2 potions of degeneration {unknown}
 h - a potion of magic {unknown}


   Skills:
 - Level 3.0 Fighting
 + Level 3.4 Axes
 - Level 1.7 Armour
 - Level 1.7 Dodging


You had one spell level left.
You didn't know any spells.
Your spell library was empty.

Dungeon Overview and Level Annotations

Branches:
Dungeon (1/15)

Altars:


Innate Abilities, Weirdness & Mutations

You have a somewhat thin skeletal structure. (Dex +2, Stealth)


Message History

No target in view!
No target in view!
You see here a +0 dagger.
A gnoll comes into view. It is wielding a +0 flail.
The gnoll shouts!
You see here an emerald potion.
A gnoll is nearby!
A gnoll is nearby!
No reachable target in view!
Unknown command.
The gnoll barely misses you.
A red film seems to cover your vision as you go berserk!
You feel yourself moving faster!
You feel mighty!
You slash the gnoll!
You kill the gnoll!
Trog accepts your kill.
You have reached level 2!
Your demonic ancestry asserts itself...
Your bones become slightly less dense.
Are you sure you want to abandon this character and quit the game? (Confirm with "yes".)

#######. #.#####.#
......#.###.....#.#
#####.#.........#.#
....#.#..##.....#.#
....#.#.........#.#
...w#.##.#...#.##.#
....#.##...!.#.##.#
....#.#.........#)#
....#.####)#.##.@.#
#.###..###.#.######
.. #......#.# #
##.##..#.#
#.##..#.# #.##..#.#
.[##..#.# ####..#
#..#


There were no monsters in sight!

Vanquished Creatures
  A gnoll (D:1)
  A frilled lizard (D:1)
  2 goblins (D:1)
  2 rats (D:1)
6 creatures vanquished.

Notes
Turn   | Place    | Note
-------+----------+-------------------------------------------
     0 | D:1      | knot the Demonspawn Berserker began the quest for the Orb.
     0 | D:1      | Reached XP level 1. HP: 18/18 MP: 1/1
   346 | D:1      | Gained mutation: You have a somewhat thin skeletal
                  | structure. (Dex +2, Stealth) [demonic ancestry]
   346 | D:1      | Reached XP level 2. HP: 24/24 MP: 2/2
   346 | D:1      | Quit the game

Illustrated notes

Levels and vault maps discovered:
D:1:      dpeg_arrival_three_smaller_balls, layout_loops_ring,
          serial_co_window_serial, co_window_paths_b, co_window_paths_a,
          co_window_corner_a, co_window_of_opportunity_a, co_window_corner_a,
          co_window_cross_4, co_window_paths_c, co_window_unsneaky_path_e,
          co_window_broadway_b, co_window_unsneaky_path_a, co_window_2corner,
          co_window_corner_ca, glass_columns_a, glass_columns_c,
          glass_columns_a, glass_columns_a, glass_columns_b

Skill      XL: |  1 |
---------------+----+-----
Axes           | 3 |  3.4
Fighting       | |  3.0
Armour         | |  1.7
Dodging        | |  1.7

Action                   || total
-------------------------++-------
Melee: Hand axe          ||    19
Invok: Berserk           ||     1
Armor: Ring mail         ||     5
Dodge: Dodged            ||     8

Table legend: (Time is in decaauts)
 A = Elapsed time spent in this place.
 B = Non-inter-level travel time spent in this place.
 C = Inter-level travel time spent in this place.
 D = Time resting spent in this place.
 E = Time spent auto-exploring this place.
 F = Levels seen in this place.
 G = Mean time per level.
                   A        B        C        D        E       F      G
               +--------+--------+--------+--------+--------+-----+--------+
         Total |    348 |    339 |      9 |      0 |    273 |   1 |  348.0 |
       Dungeon |    348 |    339 |      9 |      0 |    273 |   1 |  348.0 |
               +--------+--------+--------+--------+--------+-----+--------+

Top non-repeatable levels by time:
     D:1: 348 daAuts
